SNL (28 & UNDER)
WEST VIRGINIA POWER @ KEY WEST BARRACUDAS
09/20/2023
 
TOP OF THE 1ST
West Virginia Power batting - Pitching for Key West Barracudas : RHP Wilson Flores
Pitching: RHP Wilson Flores
Batting: LHB Ryan Drake 0-0: SINGLE (Groundball, 34D) (infield hit)
Batting: SHB Edward Bartlett 0-0: Called Strike
Ryan Drake steals 2nd base
0-1: Reached on Error, E8 (Flyball, 8LM)
Ryan Drake to third
Batting: RHB Doug Stephens 0-0: Ball
1-0: Ball
2-0: Foul Ball, location: 2F
2-1: Ground out 5-3 (Groundball, 5S)
Ryan Drake scores
Edward Bartlett to second
Batting: RHB Valentín Borges 0-0: Ball
1-0: Ball
2-0: Ground out 4-3 (Groundball, 4)
Edward Bartlett to third
Batting: RHB Will Lott 0-0: Ball
1-0: Ball
2-0: Called Strike
2-1: SINGLE (Groundball, 56D)
Edward Bartlett scores
Batting: LHB Ernie Jackson 0-0: Ground out 5-3 (Groundball, 5)
Top of the 1st over - 2 run(s), 2 hit(s), 1 error(s), 1 left on base; West Virginia 2 - Key West 0
BOTTOM OF THE 1ST
Key West Barracudas batting - Pitching for West Virginia Power : RHP Zózimo Pascoal
Pitching: RHP Zózimo Pascoal
Batting: RHB Luis Pineda 0-0: Ball
1-0: Called Strike
1-1: Ball
2-1: Ball
3-1: Base on Balls
Batting: RHB Zander Tremblett 0-0: Ball
1-0: Ball
2-0: Ball
3-0: Called Strike
3-1: Swinging Strike
3-2: Foul Ball, location: 2F
3-2: Base on Balls
Luis Pineda to second
Batting: SHB Martín De Jesús 0-0: Grounds into double play, 5-4-3 (Groundball, 56)
Luis Pineda to third
Batting: RHB Ramiro Gámez 0-0: Fly out, F6 (Popup, 6M)
Bottom of the 1st over - 0 run(s), 0 hit(s), 0 error(s), 1 left on base; West Virginia 2 - Key West 0
TOP OF THE 2ND
West Virginia Power batting - Pitching for Key West Barracudas : RHP Wilson Flores
Batting: LHB Jesús Ángel 0-0: Ball
1-0: Ball
2-0: Ground out 6-3 (Groundball, 6M)
Batting: LHB Luis Pérez 0-0: Ball
1-0: Ball
2-0: Foul Ball, location: 2F
2-1: Ground out 5-3 (Groundball, 5S)
Batting: RHB Raúl Torres 0-0: Foul Ball, location: 2F
0-1: Ball
1-1: Foul Ball, location: 2F
1-2: Strikes out swinging
Top of the 2nd over - 0 run(s), 0 hit(s), 0 error(s), 0 left on base; West Virginia 2 - Key West 0
BOTTOM OF THE 2ND
Key West Barracudas batting - Pitching for West Virginia Power : RHP Zózimo Pascoal
Batting: SHB Rodney Birling 0-0: Fly out, F7 (Flyball, 78M)
Batting: LHB Jake Wells 0-0: Called Strike
0-1: Ball
1-1: SINGLE (Line Drive, 4D)
Batting: RHB Kenny Cole 0-0: Ball
1-0: Called Strike
1-1: Ball
Throwing error on steal attempt, E2
Jake Wells to third
2-1: Called Strike
2-2: Strikes out swinging
Batting: RHB Dan Craft 0-0: Ball
1-0: Foul Ball, location: 2F
1-1: Ball
2-1: Reached on error, E5 (Groundball, 56S)
Jake Wells scores
Batting: LHB Víctor Acevedo 0-0: Called Strike
0-1: Called Strike
Dan Craft steals 2nd base
0-2: Strikes out swinging
Bottom of the 2nd over - 1 run(s), 1 hit(s), 2 error(s), 1 left on base; West Virginia 2 - Key West 1
TOP OF THE 3RD
West Virginia Power batting - Pitching for Key West Barracudas : RHP Wilson Flores
Batting: LHB Ryan Drake 0-0: Ball
1-0: Fly out, F9 (Flyball, 89M)
Batting: SHB Edward Bartlett 0-0: Swinging Strike
0-1: Ground out 3-1 (Groundball, 34)
Batting: RHB Doug Stephens 0-0: Foul Ball, location: 2F
0-1: Ball
1-1: Ground out 5-3 (Groundball, 5L)
Top of the 3rd over - 0 run(s), 0 hit(s), 0 error(s), 0 left on base; West Virginia 2 - Key West 1
BOTTOM OF THE 3RD
Key West Barracudas batting - Pitching for West Virginia Power : RHP Zózimo Pascoal
Batting: RHB Luis Pineda 0-0: Foul Ball, location: 2F
0-1: Ball
1-1: Ball
2-1: Foul Ball, location: 2F
2-2: Foul Ball, location: 2F
2-2: Ground out 3-1 (Groundball, 34)
Batting: RHB Zander Tremblett 0-0: Called Strike
0-1: Ball
1-1: Ball
2-1: Ball
3-1: Base on Balls
Batting: SHB Martín De Jesús 0-0: Ball
1-0: Ball
2-0: Ball
3-0: Base on Balls
Zander Tremblett to second
Batting: RHB Ramiro Gámez 0-0: Foul Ball, location: 2F
0-1: Foul Ball, location: 2F
0-2: Strikes out swinging
Batting: SHB Rodney Birling 0-0: Called Strike
0-1: Ball
1-1: Fly out, F5 (Popup, 5DF)
Bottom of the 3rd over - 0 run(s), 0 hit(s), 0 error(s), 2 left on base; West Virginia 2 - Key West 1
TOP OF THE 4TH
West Virginia Power batting - Pitching for Key West Barracudas : RHP Wilson Flores
Batting: RHB Valentín Borges 0-0: Ball
1-0: Fly out, F3 (Popup, 3SF)
Batting: RHB Will Lott 0-0: Called Strike
0-1: Swinging Strike
0-2: Ball
1-2: Strikes out looking
Batting: LHB Ernie Jackson 0-0: Ball
1-0: Ball
2-0: Called Strike
2-1: Called Strike
2-2: Ground out 4-3 (Groundball, 4)
Top of the 4th over - 0 run(s), 0 hit(s), 0 error(s), 0 left on base; West Virginia 2 - Key West 1
BOTTOM OF THE 4TH
Key West Barracudas batting - Pitching for West Virginia Power : RHP Zózimo Pascoal
Batting: LHB Jake Wells 0-0: Fly out, F7 (Flyball, 78M)
Batting: RHB Kenny Cole 0-0: Foul Ball, location: 2F
0-1: Ball
1-1: Ball
2-1: Swinging Strike
2-2: Ball
3-2: Strikes out swinging
Batting: RHB Dan Craft 0-0: Ball
1-0: Called Strike
1-1: Called Strike
1-2: Fly out, F8 (Flyball, 8RM)
Bottom of the 4th over - 0 run(s), 0 hit(s), 0 error(s), 0 left on base; West Virginia 2 - Key West 1
TOP OF THE 5TH
West Virginia Power batting - Pitching for Key West Barracudas : RHP Wilson Flores
Batting: LHB Jesús Ángel 0-0: Fly out, F9 (Line Drive, 9M)
Batting: LHB Luis Pérez 0-0: Foul Ball, location: 2F
0-1: Ball
1-1: Ball
2-1: Called Strike
2-2: Ball
3-2: Strikes out looking
Batting: RHB Raúl Torres 0-0: Ball
1-0: SOLO HOME RUN (Flyball, 78XD), Distance : 413 ft
Batting: LHB Ryan Drake 0-0: Foul Ball, location: 2F
0-1: Ball
1-1: Foul Ball, location: 2F
1-2: Foul Ball, location: 2F
1-2: Strikes out looking
Top of the 5th over - 1 run(s), 1 hit(s), 0 error(s), 0 left on base; West Virginia 3 - Key West 1
BOTTOM OF THE 5TH
Key West Barracudas batting - Pitching for West Virginia Power : RHP Zózimo Pascoal
Batting: LHB Víctor Acevedo 0-0: Foul Ball, location: 2F
0-1: Called Strike
0-2: Strikes out swinging
Batting: RHB Luis Pineda 0-0: Swinging Strike
0-1: Swinging Strike
0-2: Ball
1-2: Strikes out swinging
Batting: RHB Zander Tremblett 0-0: Fly out, F8 (Line Drive, 8RS)
Bottom of the 5th over - 0 run(s), 0 hit(s), 0 error(s), 0 left on base; West Virginia 3 - Key West 1
TOP OF THE 6TH
West Virginia Power batting - Pitching for Key West Barracudas : RHP Wilson Flores
Batting: SHB Edward Bartlett 0-0: Ball
1-0: Swinging Strike
1-1: Ball
2-1: SINGLE (Groundball, 6MD)
Batting: RHB Doug Stephens 0-0: SINGLE (Flyball, 9LM)
Edward Bartlett to second
Runner from 2nd tries for 3rd, SAFE, no throw or cutoff
Batting: RHB Valentín Borges 0-0: SINGLE (Groundball, 6MD)
Edward Bartlett scores
Doug Stephens to second
Batting: RHB Will Lott 0-0: Ball
1-0: 3-RUN HOME RUN (Flyball, 7D), Distance : 412 ft
Batting: LHB Ernie Jackson 0-0: Ball
1-0: Swinging Strike
1-1: Ground out 5-3 (Groundball, 56)
Pitching: RHP José García
Batting: LHB Jesús Ángel 0-0: Ground out 4-3 (Groundball, 4)
Batting: LHB Luis Pérez 0-0: Ball
1-0: Swinging Strike
1-1: Called Strike
1-2: Ball
2-2: Strikes out swinging
Top of the 6th over - 4 run(s), 4 hit(s), 0 error(s), 0 left on base; West Virginia 7 - Key West 1
BOTTOM OF THE 6TH
Key West Barracudas batting - Pitching for West Virginia Power : RHP Zózimo Pascoal
Batting: SHB Martín De Jesús 0-0: Called Strike
0-1: Foul Ball, location: 2F
0-2: Ball
1-2: Ball
2-2: Foul Ball, location: 2F
2-2: Foul Ball, location: 2F
2-2: Fly out, F6 (Popup, 56)
Batting: RHB Ramiro Gámez 0-0: Fly out, F3 (Popup, 34)
Batting: SHB Rodney Birling 0-0: Foul Ball, location: 2F
0-1: Foul Ball, location: 2F
0-2: Ball
1-2: Strikes out swinging
Bottom of the 6th over - 0 run(s), 0 hit(s), 0 error(s), 0 left on base; West Virginia 7 - Key West 1
TOP OF THE 7TH
West Virginia Power batting - Pitching for Key West Barracudas : RHP José García
Batting: RHB Raúl Torres 0-0: Fly out, F8 (Line Drive, 8LM)
Batting: LHB Ryan Drake 0-0: Called Strike
0-1: Ball
1-1: Ball
2-1: DOUBLE (Flyball, 9LM)
Batting: SHB Edward Bartlett 0-0: Reached on error, E1 (Groundball, 15)
Ryan Drake scores
Batting: RHB Doug Stephens 0-0: Ball
1-0: DOUBLE (Groundball, 5L)
Edward Bartlett scores
Batting: RHB Valentín Borges 0-0: Ball
1-0: Called Strike
1-1: Ball
2-1: Called Strike
2-2: Hit by Pitch
Batting: RHB Will Lott 0-0: Swinging Strike
0-1: Grounds into double play, 6-4-3 (Groundball, 6D)
Top of the 7th over - 2 run(s), 2 hit(s), 1 error(s), 1 left on base; West Virginia 9 - Key West 1
BOTTOM OF THE 7TH
Key West Barracudas batting - Pitching for West Virginia Power : RHP Zózimo Pascoal
Batting: LHB Jake Wells 0-0: Ball
1-0: Ball
2-0: Ball
3-0: Called Strike
3-1: Ground out 4-3 (Groundball, 4)
Batting: RHB Kenny Cole 0-0: Called Strike
0-1: SINGLE (Line Drive, 7S)
Batting: RHB Dan Craft 0-0: Swinging Strike
0-1: Ball
1-1: Ball
2-1: Swinging Strike
2-2: Strikes out looking
Batting: LHB Víctor Acevedo 0-0: Called Strike
Kenny Cole steals 2nd base
0-1: Ball
1-1: Called Strike
1-2: Ground out 5-3 (Groundball, 56)
Bottom of the 7th over - 0 run(s), 1 hit(s), 0 error(s), 1 left on base; West Virginia 9 - Key West 1
TOP OF THE 8TH
West Virginia Power batting - Pitching for Key West Barracudas : RHP José García
Batting: LHB Ernie Jackson 0-0: Called Strike
0-1: Ball
1-1: Ball
2-1: Ground out U3 (Groundball, 3)
Pitching: RHP Carlos Molina
Batting: LHB Jesús Ángel 0-0: Called Strike
0-1: Ball
1-1: Ball
2-1: Ball
3-1: Foul Ball, location: 2F
3-2: Strikes out swinging
Batting: LHB Luis Pérez 0-0: Ball
1-0: Fly out, F9 (Line Drive, 9S)
Top of the 8th over - 0 run(s), 0 hit(s), 0 error(s), 0 left on base; West Virginia 9 - Key West 1
BOTTOM OF THE 8TH
Key West Barracudas batting - Pitching for West Virginia Power : RHP Zózimo Pascoal
Batting: RHB Luis Pineda 0-0: Foul Ball, location: 2F
0-1: Ball
1-1: Called Strike
1-2: Ball
2-2: Strikes out swinging
Batting: RHB Zander Tremblett 0-0: Ball
1-0: Ball
2-0: Ground out 3-1 (Groundball, 34S)
Batting: SHB Martín De Jesús 0-0: Called Strike
0-1: Ball
1-1: Foul Ball, location: 2F
1-2: Foul Ball, location: 2F
1-2: Strikes out looking
Bottom of the 8th over - 0 run(s), 0 hit(s), 0 error(s), 0 left on base; West Virginia 9 - Key West 1
TOP OF THE 9TH
West Virginia Power batting - Pitching for Key West Barracudas : RHP Carlos Molina
Batting: RHB Raúl Torres 0-0: SINGLE (Groundball, 34D)
Batting: LHB Ryan Drake 0-0: Ball
1-0: Bunted foul
1-1: Ball
2-1: Sac Bunt - play at first, batter OUT! 1-4
Raúl Torres to second
Batting: SHB Edward Bartlett 0-0: Ground out 1-3 (Groundball, 15)
Batting: RHB Doug Stephens 0-0: Ball
1-0: Ball
2-0: Called Strike
2-1: 2-RUN HOME RUN (Flyball, 78XD), Distance : 394 ft
Batting: RHB Valentín Borges 0-0: Called Strike
0-1: Ball
1-1: Foul Ball, location: 2F
1-2: Ball
2-2: SINGLE (Line Drive, 9S)
Batting: RHB Will Lott 0-0: Called Strike
0-1: Ball
1-1: Foul Ball, location: 2F
1-2: Fly out, F8 (Flyball, 8RM)
Top of the 9th over - 2 run(s), 3 hit(s), 0 error(s), 1 left on base; West Virginia 11 - Key West 1
BOTTOM OF THE 9TH
Key West Barracudas batting - Pitching for West Virginia Power : RHP Zózimo Pascoal
Batting: RHB Ramiro Gámez 0-0: Ball
1-0: Ball
2-0: Ball
3-0: Swinging Strike
3-1: Base on Balls
Pitching: RHP Jorge Gonzáles
Batting: SHB Rodney Birling 0-0: Ball
1-0: Ball
2-0: Ball
3-0: Called Strike
3-1: Swinging Strike
3-2: Foul Ball, location: 2F
3-2: Fly out, F9 (Flyball, 89M)
Batting: LHB Jake Wells 0-0: Ball
1-0: Ball
2-0: Ball
3-0: Called Strike
3-1: Base on Balls
Ramiro Gámez to second
Batting: RHB Kenny Cole 0-0: Called Strike
0-1: Foul Ball, location: 2F
0-2: Ball
1-2: Strikes out swinging
Batting: RHB Dan Craft 0-0: Called Strike
0-1: Fly out, F6 (Line Drive, 6)
Bottom of the 9th over - 0 run(s), 0 hit(s), 0 error(s), 2 left on base; West Virginia 11 - Key West 1
This league is powered by Out of the Park Baseball, the baseball management simulation game for PC, Mac and Linux
Wednesday, December 2nd, 2015 - OOTP Baseball 16.8 Build 38